 Dungeon Crawl Stone Soup version 0.19-a0-821-gf489216 (webtiles) character file.

47 Gruud the Grave Robber (level 3, 0/24 HPs)
             Began as a Demonspawn Necromancer on June 29, 2016.
             Slain by a jackal (3 damage)
             ... on level 2 of the Dungeon.
             The game lasted 00:04:30 (1244 turns).

Gruud the Grave Robber (Demonspawn Necromancer)     Turns: 1244, Time: 00:04:30

Health: 0/24       AC:  2    Str:  9    XL:     3   Next: 48%
Magic:  1/6        EV: 12    Int: 16    God:
Gold:   71         SH:  0    Dex: 13    Spells: 2 memorised, 4 levels left

rFire  . . .     SeeInvis .     (no weapon)
rCold  . . .     Gourm    .     a - +0 robe
rNeg   . . .     Faith    .     (no shield)
rPois  .         Spirit   .     (helmet restricted)
rElec  .         Dismiss  .     (no cloak)
rCorr  .         Reflect  .     (no gloves)
SustAt .         Harm     .     (no boots)
MR     .....                    (no amulet)
Stlth  +.........               (no ring)
                                d - ring of loudness (curse)

@: very slightly contaminated, not resistant to hostile enchantments, very
unstealthy
A: antennae 1
a: no special abilities


You were on level 2 of the Dungeon.
You were hungry.

You visited 1 branch of the dungeon, and saw 2 of its levels.

You collected 71 gold pieces.

Inventory:

Armour
 a - a +0 robe (worn)
Magical Staves
 h - an uncursed staff of earth
Jewellery
 d - a cursed ring of loudness (left hand)
Scrolls
 g - a scroll of identify
Potions
 e - a potion of resistance
Books
 b - a book of Necromancy

   Spells                             Type                      Level
   a - Pain                           Necromancy                   1
   b - Animate Skeleton               Necromancy                   1
   c - Vampiric Draining              Necromancy                   3
   d - Regeneration                   Charms/Necromancy            3
   e - Animate Dead                   Necromancy                   4
   f - Control Undead                 Necromancy                   4
Comestibles
 c - 2 bread rations
 f - 2 meat rations


   Skills:
 - Level 1.7 Dodging
 - Level 1.7 Stealth
 + Level 0.6 Unarmed Combat
 + Level 2.2 Spellcasting
 * Level 5.4 Necromancy


You had 4 spell levels left.
You knew the following spells:

 Your Spells              Type           Power        Failure   Level  Hunger
a - Pain                  Necr           ###.         1%          1    #......
b - Animate Skeleton      Necr           N/A          1%          1    #......


Dungeon Overview and Level Annotations

Branches:
Dungeon (2/15)

Altars:
Dithmenos
Kikubaaqudgha

Annotations:
D:2 Ijyb


Innate Abilities, Weirdness & Mutations

You have a pair of small antennae on your head.


Message History

* * * LOW HITPOINT WARNING * * *
The jackal bites your jackal skeleton.
Your jackal skeleton bites the jackal but does no damage.
Your rat skeleton closely misses Ijyb.
Ijyb screams, "Me very upset!"
Your adder skeleton bites the bat but does no damage.
The jackal bites you.
* * * LOW HITPOINT WARNING * * *
The jackal bites your jackal skeleton.
Your jackal skeleton is destroyed!
The jackal barks!
You can move again.
Unknown command.
Unknown command.
You barely miss the jackal.
The jackal is severely wounded.
The bat closely misses you.
The bat barely misses your adder skeleton.
The jackal bites you.
You die...

§§#.#.............
§#§###.#...#..P..# ..
§§§§........# ...##.._
§#§#§......##...P#...
§§§#§##.#.........P...
#.##.#..%.##......#
.........%###.....# #
..#.#.##..........
.#.#$##.b@h%..... #
#!#.##.Z.h....##
#.##Zg........ ##
#..........
........#.. ..######.#
# ... ... %... ##
.....


You could see Ijyb, 2 jackals, a bat, a friendly adder skeleton and a friendly
rat skeleton.

Vanquished Creatures
  A gnoll (D:1)
  An adder (D:2)
  A worm (D:1)
  A dart slug (D:1)
  A giant gecko (D:1)
  A giant cockroach (D:1)
  2 goblins (D:1)
  5 hobgoblins (D:1)
  A kobold (D:1)
  A bat (D:2)
  6 rats
21 creatures vanquished.

Vanquished Creatures (collateral kills)
  A jackal (D:2)
  A kobold (D:1)
2 creatures vanquished.

Grand Total: 23 creatures vanquished

Notes
Turn   | Place    | Note
--------------------------------------------------------------
     0 | D:1      | Gruud the Demonspawn Necromancer began the quest for the Orb.
     0 | D:1      | Reached XP level 1. HP: 13/13 MP: 3/3
   168 | D:1      | Reached skill level 5 in Necromancy
   168 | D:1      | Gained mutation: You have a pair of small antennae on your head. [demonic ancestry]
   168 | D:1      | Reached XP level 2. HP: 12/19 MP: 0/5
   171 | D:1      | Learned a level 1 spell: Animate Skeleton
   777 | D:1      | Reached XP level 3. HP: 21/24 MP: 3/6
  1209 | D:2      | Found a shadowy altar of Dithmenos.
  1235 | D:2      | Noticed Ijyb
  1237 | D:2      | Found an ancient bone altar of Kikubaaqudgha.
  1239 | D:2      | Paralysed by Ijyb for 4 turns
  1244 | D:2      | Slain by a jackal

Vault maps used:
D:1:      dpeg_arrival_signposts
D:2:      kiku_gazebo_garden_becter, grunt_dithmenos_smoke_and_mirrors,
          first_bread, st_stairs_7, hangedman_glass_teeth, uniq_iyjb

Skill      XL: |  1 |
---------------+----+-----
Necromancy     | 5 |  5.4
Dodging        | |  1.7
Stealth        | |  1.7
Unarmed Combat | |  0.6
Spellcasting   | |  2.2

Action                   || total
-------------------------++-------
Melee: Unarmed           ||    18
 Cast: Pain              ||    42
       Animate Skeleton  ||     8
  Use: Scroll            ||     2
  Eat: Chunk             ||     1
Armor: Robe              ||     9
Dodge: Dodged            ||    26
